[Event "26th Womens ECCC 2022"]
[Site "Mayrhofen"]
[Date "2022.10.07"]
[Round "5.7"]
[White "Wagner, Dinara"]
[Black "Osmak, Yuliia"]
[Result "1-0"]
[ECO "D26"]
[WhiteElo "2390"]
[BlackElo "2428"]
[Annotator "TA"]
[PlyCount "117"]
[EventDate "2022.10.03"]
[EventType "team-tourn"]
[EventCountry "AUT"]
[SourceTitle "playchess.com"]
[Source "ChessBase"]
[SourceQuality "1"]
[TimeControl "40/5400+30:1800+30"]

1. d4 d5 2. c4 dxc4 3. Nf3 Nf6 4. e3 e6 5. Bxc4 c5 6. O-O Nc6 7. a3 a6 8. dxc5 Qxd1 9. Rxd1 Bxc5 10. Be2 {[%emt 0:01:55] D27: Queen's Gambit Accepted: Classical main line: 7 e4!? and 7 a4.} O-O 11. b4 Be7 12. Bb2 {[%emt 0:00:04] The position is equal.} Bd7 13. Nbd2 Rfd8 14. Nb3 Be8 15. Rac1 Rxd1+ 16. Bxd1 Rd8 17. Be2 {[%emt 0:02:23] [#]} Ne4 $146 ({Predecessor:} 17... Nd7 18. Nfd4 Ndb8 19. f4 Nxd4 20. Bxd4 Nc6 21. Bb6 Ra8 22. Bf3 Rb8 23. Kf2 Kf8 24. Rc3 Bd7 25. Bc5 Ke8 26. Bxe7 Nxe7 27. Nc5 Nd5 28. Bxd5 {½-½ (27) Andres Gonzalez,A (2518)-Velten,P (2449) San Sebastian 2017}) 18. Nfd4 Nxd4 19. Bxd4 Bb5 20. Bxb5 axb5 21. Na5 Nd6 22. Bc5 {[%emt 0:00:51] White is more active.} Rc8 {[%emt 0:04:06] [#] And now ...b6 would win.} 23. Rd1 b6 24. Bxb6 Nc4 (24... Kf8 $1 $14) 25. Nxc4 $16 Rxc4 {[%emt 0:00:14][%mdl 4096] Endgame KRB-KRB} 26. g3 h5 27. Rd7 Bf6 28. Rb7 h4 (28... Rc3 $16 {is a better defense.} 29. Bc5 g5 30. Rxb5 Rxa3 31. Rb8+ Kg7) 29. Kg2 Bb2 30. Bc5 Bxa3 31. Rxb5 Kh7 32. Be7 hxg3 33. hxg3 Rc3 34. Rb7 Rb3 35. Kf3 Kg6 36. g4 Rb2 37. Bf8 Rb3 38. Ke4 Rc3 39. f4 Rc4+ 40. Kd3 Rc1 41. Ra7 Bb2 42. b5 {[%emt 0:01:08][%cal Bb4b5,Bb5b6,Bb6b7][%mdl 32] [#] Hoping for b6.} Rc3+ 43. Kd2 {[%emt 0:00:35] Strongly threatening b6.} Rb3 44. Rb7 {[%emt 0:00:00] aiming for Kc2.} Ba3 $2 (44... Bf6 45. b6 Bd8) 45. Bxa3 $18 Rxa3 {[%emt 0:00:00] KR-KR} 46. b6 Rb3 47. Kc2 Rxe3 48. Rd7 {[%emt 0:00:00] Intending b7 and mate.} Re4 49. Kc3 {[%emt 0:00:00] White wants to mate with b7.} Re1 50. Rd2 (50. Kb2 $142 {b7 would kill now.} Re2+ 51. Kb3) 50... Rh1 (50... Rc1+ $142 51. Rc2 Rd1) 51. b7 Rh8 52. Kc4 {[%emt 0:00:00] Threatens to win with Rb2.} Kf6 53. Rd7 g5 54. fxg5+ {[%emt 0:00:16] White mates.} Kxg5 55. Rxf7 Kxg4 56. Kd4 Re8 57. Ke5 Kg5 58. Rg7+ Kh6 59. Rc7 {[%emt 0:00:02] Weighted Error Value: White=0.21 (precise) /Black=0.36} 1-0

[Event "26th Womens ECCC 2022"]
[Site "Mayrhofen"]
[Date "2022.10.07"]
[Round "5.8"]
[White "Maltsevskaya, Aleksandra"]
[Black "Heinemann, Josefine"]
[Result "1-0"]
[ECO "C27"]
[WhiteElo "2389"]
[BlackElo "2318"]
[Annotator "TA"]
[PlyCount "55"]
[EventDate "2022.10.03"]
[EventType "team-tourn"]
[EventCountry "AUT"]
[SourceTitle "playchess.com"]
[Source "ChessBase"]
[SourceQuality "1"]
[TimeControl "40/5400+30:1800+30"]

1. e4 e5 2. Nc3 Nf6 3. Bc4 Nxe4 4. Qh5 Nd6 5. Bb3 Be7 $1 6. f4 {[%emt 0:00:22] C27: Vienna Game: 2...Nf6 3 Bc4 Nxe4.} ({Better is} 6. Qxe5 $11 O-O 7. Nge2) 6... exf4 {[%emt 0:07:31] [#]} 7. Nf3 $146 ({Predecessor:} 7. d4 Nc6 8. Bxf4 Nxd4 9. O-O-O Nxb3+ 10. axb3 g6 11. Qe5 O-O 12. Nd5 Re8 13. Re1 Bg5 14. Bxg5 Rxe5 15. Rxe5 Qf8 16. Nf3 h6 17. Be7 Qg7 18. Nf6+ Kh8 19. Bxd6 Qxf6 20. Re8+ {1-0 (20) Bortnyk,O (2604)-Rodriguez Hernandez,L (2385) Chess.com INT 2021}) 7... g6 8. Qh3 (8. Qe5 $11 O-O 9. O-O) 8... O-O (8... Nf5 $17 {[%cal Od7d5] ...d5! is the strong threat.} 9. d3 c6 10. Bxf4 d5) 9. d4 $11 Nf5 {[%emt 0:06:07] Hoping for ...h5.} 10. g4 {[%emt 0:14:06] Prevents h5.} (10. Bxf4 $11 {remains equal.} h5 11. g4 hxg4 12. Qxg4) 10... Ne3 $17 11. Bxe3 fxe3 12. Qh6 {[%emt 0:22:10] [#] aiming for h4.} Bf6 13. h4 {[%emt 0:00:48] Threatening mate with Ng5.} Bg7 (13... d5 $2 14. Ng5 Bxg5 15. hxg5 $18) 14. Qf4 c6 15. d5 d6 16. h5 g5 ({Black should try} 16... c5 $19 {Strongly threatening ...Nd7.} 17. O-O-O Qf6) 17. Nxg5 $15 {[%emt 0:02:55][%cal Bf3g5,Bg5e4,Be4f6][%mdl 32] [#]} Be5 (17... c5 $1 $17 {keeps the pressure on. And now ...Bh6 would win.} 18. Nge4 Be5) 18. Qxe3 $16 {[%emt 0:00:28] White is more active.} Bxc3+ $2 {[%emt 0:04:21] This costs Black the game.} (18... Bd4 $14 19. Qxd4 Qxg5) 19. bxc3 $18 {[%emt 0:00:21] Black must now prevent 0-0-0.} Re8 (19... Bxg4 $2 20. Qf4 Qe7+ 21. Kf2 Qe2+ 22. Kg3 $18) 20. Ne4 Qe7 $2 {[%emt 0:00:22] [#]} (20... Re5) 21. Kd2 $1 Nd7 {[%emt 0:06:11] Prevents Nf6+.} (21... Qxe4 $2 22. Qg5+ Kf8 23. Rae1 Qg2+ 24. Kc1 Qxh1 25. Rxh1) 22. Rae1 Kh8 (22... Ne5 $2 23. Qh6 f5 24. Nf6+ Kh8 25. Nxe8 Qg5+ 26. Qxg5 $18) 23. Rhf1 {[%emt 0:15:12] Threatens to win with dxc6.} (23. Nxd6 Qxe3+ 24. Rxe3 Rxe3 $18) 23... Ne5 24. Nf6 {[%emt 0:00:33] Intending Qh6 and mate.} Bd7 (24... Bxg4 $18 25. dxc6 (25. Nxe8 Rxe8 26. dxc6 f5 $16) (25. Qe4 Nf3+ 26. Qxf3 Bxf3 $16) 25... bxc6 26. Nxg4 (26. Nxe8 Rxe8 27. Rxf7 Qd8 $18) (26. Qe4 Nf3+ 27. Qxf3 Bxf3 $16) 26... Qh4 27. Nxe5 Rxe5) 25. Qh6 {[%emt 0:00:46][%csl Gf6][%cal Rh6h7] White mates.} Nf3+ 26. Kc1 Qxe1+ 27. Rxe1 Rxe1+ 28. Kb2 {[%emt 0:00:06] Weighted Error Value: White=0.25 (precise) /Black=0.79} 1-0

[Event "26th Womens ECCC 2022"]
[Site "Mayrhofen"]
[Date "2022.10.07"]
[Round "5.9"]
[White "Muzychuk, Anna"]
[Black "Sukandar, Irine Kharisma"]
[Result "1-0"]
[ECO "C95"]
[WhiteElo "2534"]
[BlackElo "2401"]
[Annotator "TA"]
[PlyCount "103"]
[EventDate "2022.10.03"]
[EventType "team-tourn"]
[EventCountry "AUT"]
[SourceTitle "playchess.com"]
[Source "ChessBase"]
[SourceQuality "1"]
[TimeControl "40/5400+30:1800+30"]

1. e4 e5 2. Nf3 Nc6 3. Bb5 a6 4. Ba4 Nf6 5. O-O Be7 6. Re1 b5 7. Bb3 d6 8. c3 O-O 9. h3 Nb8 10. d4 Nbd7 11. c4 c6 12. Qc2 {[%emt 0:00:23] C95: Closed Ruy Lopez: Breyer Variation with 10 d4.} Bb7 (12... a5 $5 13. cxb5 cxb5 $11) 13. a3 bxc4 14. Bxc4 {[%emt 0:00:19] The position is equal.} d5 15. dxe5 Nxe4 16. Ba2 Ndc5 17. Nc3 {[%emt 0:22:46] [#]} a5 $146 ({Predecessor:} 17... Nxc3 18. bxc3 Ne6 19. Rb1 Qc7 20. Nd4 Rfd8 21. Qf5 Bc8 22. Qf3 g6 23. Be3 c5 {½-½ (42) Bacrot,E (2678)-Amin,B (2703) Krasnaya Polyana 2021}) 18. Be3 Nxc3 19. bxc3 Ne6 20. Nd4 c5 21. Nf5 g6 22. Nh6+ Kh8 23. Rad1 Bg5 24. Ng4 h5 $1 25. Nf6 Bxf6 26. exf6 Qxf6 27. Bxd5 Bxd5 28. Rxd5 Rfd8 (28... Kg8 $11 {was preferrable.}) 29. c4 $16 Rab8 30. Qd2 ({Not} 30. Bxc5 $2 Nxc5 31. Qe2 (31. Rxc5 $2 Rb2 $19) 31... Rxd5 32. cxd5 Kg7 $19) (30. Bd2 $16) 30... a4 31. Rd1 Rdc8 32. Qa5 Ra8 33. Qb6 Rab8 (33... Rcb8 $11 34. Qc6 Rc8) 34. Qd6 {[%emt 0:02:03] White has more active pieces.} ({Better is} 34. Rxc5 $16 Rxb6 35. Rxc8+ Kg7 36. Bxb6) 34... Rd8 (34... Kg7 $11) 35. Qc6 Rdc8 36. Qd6 Rd8 37. Qg3 ({White should play} 37. Qa6 $16) 37... Kh7 38. Kh2 Rbc8 39. Rd7 (39. Bd2 $14 {is superior.}) 39... Kg8 40. R7d5 (40. Qd6 $5) 40... Kh7 41. h4 Rxd5 (41... Rb8 $11 {keeps the balance.}) 42. cxd5 ({Reject} 42. Rxd5 $6 Rc6 $11) 42... Nd4 (42... Nf8 $142) 43. d6 $1 {[%emt 0:07:49] Black must now prevent d7.} Rc6 {[%emt 0:04:36] [#]} 44. Bf4 Qe6 45. Qg5 {[%emt 0:03:16] Strongly threatening Rd3.} Rc8 $2 {[%emt 0:02:01][%mdl 8192] Loses the game.} (45... Rxd6 $16 46. Bxd6 Qxd6+ 47. Kh1 Kg8) 46. Be5 $2 (46. Rd3 {aiming for Re3.} Qf5 47. d7) 46... Re8 {[%emt 0:05:32] [#]} 47. f4 {[%emt 0:00:40] Threatens to win with Qf6.} Nc6 $2 (47... Qd7 48. Bxd4 cxd4) 48. d7 $18 {[%emt 0:01:52] White is clearly winning.} Rd8 49. Rd6 {[%emt 0:00:22][%cal Bd1d6,Bd6e6,Be6e1][%mdl 32] White wants to mate with Rxc6.} Nxe5 50. Rxe6 Ng4+ 51. Kg1 Rxd7 52. Re1 {[%emt 0:00:17] Weighted Error Value: White=0.39/Black=0.28 (precise)} 1-0

[Event "26th Womens ECCC 2022"]
[Site "Mayrhofen"]
[Date "2022.10.07"]
[Round "5.10"]
[White "Houska, Jovanka"]
[Black "Stefanova, Antoaneta"]
[Result "0-1"]
[ECO "D30"]
[WhiteElo "2354"]
[BlackElo "2440"]
[Annotator "TA"]
[PlyCount "98"]
[EventDate "2022.10.03"]
[EventType "team-tourn"]
[EventCountry "AUT"]
[SourceTitle "playchess.com"]
[Source "ChessBase"]
[SourceQuality "1"]
[TimeControl "40/5400+30:1800+30"]

1. d4 d5 2. c4 e6 3. Nf3 c6 4. e3 Bd6 5. Nc3 f5 6. Bd3 Nh6 {[%emt 0:01:21] A84: Dutch Defence: 2 c4 Miscellaneous.} 7. Qc2 O-O 8. Bd2 Nd7 {[%emt 0:06:08] The position is equal.} 9. O-O-O {[%emt 0:02:38] is the legacy move (9.Ne2).} a6 (9... b5 $11) 10. h3 $14 {[%emt 0:08:30][%cal Og2g4] [#]} Kh8 $146 ({Predecessor:} 10... Qe7 11. Kb1 b6 12. Ne2 Bb7 13. Nf4 Rac8 14. Qb3 Nf7 15. c5 Bc7 16. g4 bxc5 17. Qxb7 {0-1 (30) Popov,S (2447)-Sethuraman,S (2640) Kragujevac 2016}) 11. Ne2 b5 12. c5 Bc7 13. Nf4 Qe7 14. g4 e5 15. dxe5 Nxe5 16. Nxe5 Bxe5 17. Rdg1 a5 18. g5 Nf7 19. g6 (19. h4 $1 $14) 19... Ng5 {[%emt 0:03:09] next ...Ne4 is good for Black.} 20. Bc3 (20. gxh7 $1 $11 Bxf4 21. exf4) 20... Bxf4 (20... d4 $1 $15 21. Bxd4 Bxf4 22. exf4 Nf3) 21. exf4 $11 Nf3 22. Rg3 $36 {[%emt 0:04:37][%mdl 2048] White is pushing.} d4 $1 23. Rxf3 dxc3 24. Qxc3 hxg6 25. h4 {[%emt 0:04:40][%cal Bh3h4,Bh4h5,Bh5h6][%mdl 32] Hoping for h5.} b4 {[%emt 0:01:44] [#]} 26. Qc2 ({Better is} 26. h5 $1 $16 g5 27. Re1) 26... a4 (26... Be6 $11 {remains equal.}) 27. h5 g5 28. h6 {[%emt 0:00:58] And now hxg7+ would win.} g6 29. Re3 Qf6 30. fxg5 Qxg5 31. Qc4 {[%emt 0:01:23] aiming for Qd4+.} Qf6 {[%emt 0:01:12] [#] Inhibits Qd4.} 32. Qxb4 (32. Rhe1 $1 $16) 32... Be6 33. Bc4 $2 {[%emt 0:02:24][%mdl 8192] White does not recover from this.} (33. a3 $11) 33... Rab8 $19 34. Qc3 Bxc4 35. Qxf6+ Rxf6 36. Rh4 Bxa2 37. Rxa4 Bf7 38. Ra7 Kh7 39. Ree7 Rf8 40. f4 Kxh6 41. Re2 g5 42. fxg5+ Kxg5 {[%emt 0:00:03] Strongly threatening ...f4.} 43. Rg2+ Kh6 {[%emt 0:02:00] Threatens to win with ...f4.} 44. Kd2 f4 45. Ke1 f3 46. Rh2+ Kg5 {[%emt 0:02:17] ( -> ...Re8+)} 47. Kf2 Rd8 {[%emt 0:01:42] Black mates.} 48. Kg3 Rd4 49. b3 f2 {[%emt 0:00:48] Weighted Error Value: White=0.38/Black=0.14 (very precise)} 0-1

[Event "26th Womens ECCC 2022"]
[Site "Mayrhofen"]
[Date "2022.10.07"]
[Round "5.11"]
[White "Cramling, Pia"]
[Black "Hunt, Harriet V"]
[Result "1/2-1/2"]
[ECO "E15"]
[WhiteElo "2459"]
[BlackElo "2359"]
[Annotator "TA"]
[PlyCount "45"]
[EventDate "2022.10.03"]
[EventType "team-tourn"]
[EventCountry "AUT"]
[SourceTitle "playchess.com"]
[Source "ChessBase"]
[SourceQuality "1"]
[TimeControl "40/5400+30:1800+30"]

1. d4 Nf6 2. Nf3 e6 3. c4 b6 4. g3 Ba6 5. b3 Bb4+ 6. Bd2 Be7 7. Bg2 d5 8. cxd5 exd5 9. Nc3 O-O 10. O-O Re8 11. Re1 {[%emt 0:11:11] E15: Queen's Indian: 4 g3 sidelines, 4 g3 Ba6 and 4 g3 Bb7 early deviations.} Bb7 {[%emt 0:09:20] 11...Nbd7 gains popularity.} 12. Rc1 Ne4 13. Ne5 {[%emt 0:04:15] [#]} Ba3 $146 ({Predecessor:} 13... Na6 14. e3 Bd6 15. Nxe4 dxe4 16. Nc4 Bf8 17. Ne5 c5 18. Bc3 cxd4 19. Bxd4 f6 {½-½ (31) Flumbort,A (2457)-Nayhebaver,M (2471) Hungary 2020}) 14. Rc2 Na6 15. Nxe4 dxe4 16. Nc4 Bf8 17. Bc3 Nb4 18. Bxb4 Bxb4 19. Rf1 Bf8 (19... b5 $5 20. Ne3 c6 $15) 20. Rd2 Bb4 21. Rc2 Bf8 (21... b5 $5 22. Ne3 c6 $15) 22. Rd2 Bb4 23. Rc2 {[%emt 0:00:08] Weighted Error Value: White=0.04 (flawless) /Black=0.13 (very precise)} 1/2-1/2

[Event "26th Womens ECCC 2022"]
[Site "Mayrhofen"]
[Date "2022.10.07"]
[Round "5.12"]
[White "Toma, Katarzyna"]
[Black "Paehtz, Elisabeth"]
[Result "1/2-1/2"]
[ECO "B50"]
[WhiteElo "2249"]
[BlackElo "2469"]
[Annotator "TA"]
[PlyCount "132"]
[EventDate "2022.10.03"]
[EventType "team-tourn"]
[EventCountry "AUT"]
[SourceTitle "playchess.com"]
[Source "ChessBase"]
[SourceQuality "1"]
[TimeControl "40/5400+30:1800+30"]

1. e4 c5 2. Nf3 d6 3. d3 g6 4. g3 Bg7 5. Bg2 Nc6 6. O-O e5 7. c3 Nge7 8. a3 O-O 9. b4 h6 10. Bb2 {[%emt 0:03:46] A04: Unusual lines after 1 Nf3 and King's Indian Attack.} Be6 11. b5 Nb8 12. Nbd2 {[%emt 0:02:52] White is slightly better.} Nd7 {[%emt 0:23:43] [#]} 13. d4 $146 ({Predecessor:} 13. a4 Qc7 14. d4 f5 15. Re1 Rae8 16. d5 Bf7 17. c4 Nf6 18. Nh4 fxe4 19. Nxe4 {0-1 (39) Akhmedov,D (2041)-Dudin,G (2428) Moscow 2021}) 13... exd4 14. cxd4 d5 15. Re1 Rc8 16. Rc1 c4 (16... Re8 $11) 17. Qe2 (17. a4 $14) 17... Nb6 $11 18. exd5 Nexd5 19. Ne4 {[%emt 0:00:26] Inhibits c3.} (19. Nxc4 $2 Nxc4 20. Rxc4 Nf4 $1 21. gxf4 Bxc4 $19) 19... Re8 (19... Na4 $5 ) 20. Ne5 Bf5 21. Nxc4 $2 (21. Ba1 $11) 21... Bxe4 $17 22. Bxe4 {[%emt 0:01:19] [#]} (22. Nxb6 $2 Rxc1 23. Bxc1 Nf6 $19) 22... Rxc4 ({Black should try} 22... Rxe4 $1 $19 23. Qxe4 Nxc4) 23. Rxc4 $15 {[%emt 0:01:09] Hoping for Rcc1.} Rxe4 $1 24. Qxe4 Nxc4 {[%emt 0:00:02] Pair of Knights!} 25. Qe8+ Qxe8 26. Rxe8+ Kh7 27. Rd8 Ndb6 (27... Nxb2 28. Rxd5 Nc4 29. Rd7 $11) 28. Bc1 g5 29. Rb8 Nd6 (29... Bxd4 30. Rxb7 Nd5 31. Kg2 $14 (31. Rd7 Nc3 $14)) 30. Be3 Kg6 ({Of course not} 30... Nxb5 31. Rxb7 Nxa3 32. Rxf7 $14 (32. Rxa7 Nc2 $11)) 31. d5 Be5 (31... Nxd5 $2 32. Rd8 Be5 33. Bc5 $18) ({Don't take} 31... Nxb5 32. Rxb7 Bd4 33. Bxd4 Nxd4 34. d6 $16) 32. f4 gxf4 33. gxf4 Bb2 34. Bc5 Ne4 35. Bxb6 axb6 36. Rxb7 {[%emt 0:00:08] [#]} (36. a4 $1 $11 {remains equal.}) 36... Bxa3 $2 (36... Nd6 $1 $17 {[%cal Rd6b7] keeps the pressure on.} 37. Ra7 Kf5) 37. Rxb6+ $18 Kf5 {[%emt 0:01:37] [#] ...Bc5+ is the strong threat.} 38. Rxh6 $2 (38. Rc6 $1 $18) 38... Nd6 $11 39. b6 Ke4 40. Rf6 Kxd5 {[%emt 0:00:35] The position is equal.} 41. b7 Nxb7 42. Rxf7 Nd6 43. Rf6 Ke4 44. Kg2 Nf5 45. Ra6 Bc5 46. Ra4+ Bd4 47. h4 Nxh4+ 48. Kh3 Ng6 49. f5 Kxf5 50. Rxd4 {[%emt 0:00:00][%mdl 4096] Endgame KR-KN} Nf4+ 51. Kh4 Ke5 52. Ra4 Nd5 53. Kg5 Ne3 54. Ra8 Nd5 55. Re8+ Kd4 56. Kf5 Ne3+ 57. Kf4 Nd5+ 58. Kf3 Kc5 59. Re5 {[%emt 0:00:00] White threatens Ke4 and mate.} Kd4 60. Rg5 Nf6 61. Rg1 Nd5 62. Re1 Nc3 63. Ra1 Nd5 64. Ra4+ Ke5 65. Kg3 Kf5 66. Kf3 Ke5 {White used his chance.  Weighted Error Value: White=0.18 (very precise) /Black=0.16 (very precise)} 1/2-1/2

[Event "26th Womens ECCC 2022"]
[Site "Mayrhofen"]
[Date "2022.10.07"]
[Round "5.13"]
[White "Rakhmangulova, Anastasiya"]
[Black "Mammadzada, Gunay"]
[Result "0-1"]
[ECO "B03"]
[WhiteElo "2261"]
[BlackElo "2483"]
[Annotator "TA"]
[PlyCount "104"]
[EventDate "2022.10.03"]
[EventType "team-tourn"]
[EventCountry "AUT"]
[SourceTitle "playchess.com"]
[Source "ChessBase"]
[SourceQuality "1"]
[TimeControl "40/5400+30:1800+30"]

1. e4 Nf6 2. e5 Nd5 3. d4 d6 4. c4 Nb6 5. f4 dxe5 6. fxe5 Bf5 7. Nf3 e6 8. Nc3 Bb4 9. c5 {[%emt 0:07:25] B03: Alekhine's Defence: Four Pawns Attack.} (9. Bd3 $14) 9... Nd5 $11 10. Bd2 O-O {[%emt 0:20:06] [#]} 11. Bc4 $146 {[%emt 0:23:54] The position is equal.} ({Predecessor:} 11. a3 Bxc3 12. bxc3 b6 13. cxb6 axb6 14. Bc4 c5 15. O-O Nc6 16. Bb5 Nce7 17. c4 {1-0 (39) Candela Perez,J (2399)-Forcen Esteban,D (2425) Gijon 2011}) 11... Nc6 (11... b6 $11) 12. O-O $14 Bg4 (12... Bxc3 $11 13. bxc3 h6) 13. Nxd5 $1 $16 exd5 14. Be2 Bxd2 15. Qxd2 a5 16. Rae1 Qe7 17. Qf4 Bh5 18. Bd3 Bg6 19. Bxg6 fxg6 20. Qg4 Rf5 {[%emt 0:01:04] Inhibits Ng5.} 21. Nh4 Rxf1+ 22. Rxf1 Nd8 23. g3 Ne6 24. Ng2 c6 25. Qd1 ({Better is} 25. Rd1 $11) 25... Rf8 $15 26. Nf4 Nc7 ({Black should try} 26... Nxf4 $17 27. Rxf4 Rxf4 28. gxf4 Qh4) 27. a4 g5 28. Ne2 Ra8 29. h3 Ne6 30. Qd2 h5 31. Kg2 h4 32. g4 b6 33. cxb6 Ra6 34. Rf2 (34. b3 $11 {keeps the balance.}) 34... Rxb6 $17 35. Qxa5 Qb7 36. Qc3 Rxb2 ({Black should play} 36... Rb3 $1 $17 37. Qc2 Rxb2) 37. Qd3 (37. Qa3 $1 $15) 37... Ra2 $1 38. Qg6 Qe7 {[%emt 0:00:03][%cal Oa2e2] Active counter play!} 39. Qb1 (39. Qd3 $142) 39... Rxa4 {[%emt 0:01:24] Dancing on a razor blade.} (39... Qa3 $142 {[%cal Oa2e2] ( -> ...Rxe2!)} 40. Qf5 Nf4+ 41. Rxf4 gxf4 42. Qe6+ Kf8 43. Qc8+ Kf7 44. Qd7+ Qe7 45. Qf5+ Kg8) 40. Qb8+ Kh7 41. Qb1+ Kg8 (41... Kh6 $17 42. Qb8 Qd8 43. Qxd8 Nxd8) 42. Qb8+ $19 Qd8 $1 43. Qb1 {[%emt 0:06:24] [#]} Qe8 $1 ({Worse is} 43... Nxd4 44. Qd1 Nxe2 45. Qxa4 Nf4+ 46. Rxf4 gxf4 47. Qxc6 $11) 44. Qc2 Ra3 45. Rf3 Ra1 ({Stronger than} 45... Rxf3 46. Kxf3 Qf7+ 47. Kg2 $17) 46. Qb2 $2 {[%emt 0:05:38] [#] Now White is beyond hope.} (46. Rf1 $17 {might work better.} Rxf1 47. Kxf1) 46... Qa8 $1 {[%emt 0:02:41] Threatens to win with ...Ra2.} 47. Rb3 $2 (47. Qb3 Qa2 48. Qxa2 Rxa2 49. Rf2) 47... Qa4 $2 (47... Qa6 48. Re3 Ra2 49. Qb8+ Kh7 50. Qb1+ g6) 48. Rb8+ $2 (48. Qc2 Qa6 49. Qd3 (49. Rb8+ $2 Kf7 $19)) 48... Kh7 {[%emt 0:00:38] ...Qd1 is the strong threat.} 49. Nc3 {[%emt 0:00:03] Inhibits Qd1.} (49. Qb3 $19 Qxb3 50. Rxb3) 49... Nf4+ 50. Kh2 Qxd4 51. Qc2+ g6 52. Rb7+ Kh6 {[%emt 0:00:11] Weighted Error Value: White=0.54/Black=0.32} 0-1

[Event "26th Womens ECCC 2022"]
[Site "Mayrhofen"]
[Date "2022.10.07"]
[Round "5.14"]
[White "Fataliyeva, Ulviyya"]
[Black "Levitan, Ronit"]
[Result "1-0"]
[ECO "A06"]
[WhiteElo "2422"]
[BlackElo "2024"]
[Annotator "TA"]
[PlyCount "75"]
[EventDate "2022.10.03"]
[EventType "team-tourn"]
[EventCountry "AUT"]
[SourceTitle "playchess.com"]
[Source "ChessBase"]
[SourceQuality "1"]
[TimeControl "40/5400+30:1800+30"]

1. Nf3 d5 2. g3 Bg4 3. Bg2 c6 4. O-O Nd7 5. d4 Ngf6 6. c4 e6 7. h3 {[%emt 0:00:56] D11: Slav Defence: 3 Nf3 sidelines and 3...Nf6 4 e3 Bg4.} Bh5 8. cxd5 exd5 9. Ne5 $1 {[%emt 0:00:04][%mdl 4] The position is equal. now scores much better than the old 9.Qb3.} Bg6 10. Nc3 Bd6 (10... Nb6 $11 {keeps the balance.}) 11. f4 $1 $16 {[%emt 0:03:17] White is more active.} Be4 12. Nxe4 Nxe4 13. Bxe4 dxe4 14. Qb3 Bxe5 15. fxe5 (15. dxe5 $16 Nb6 16. Be3) 15... O-O $14 {[%emt 0:00:55] [#]} 16. Rf4 $146 ({Predecessor:} 16. Qxb7 Nb6 17. e3 Qd5 18. b3 Rfb8 19. Qe7 Re8 20. Qd6 Qxd6 21. exd6 Nd5 22. Kf2 {1-0 (73) Grandelius,N (2651)-Gorin,L (2443) Chess.com INT 2020}) 16... Qa5 17. Rxe4 Qe1+ 18. Kg2 {[%emt 0:00:05] White now steadily converts the win.} c5 (18... Rae8 $16) 19. Qc3 (19. Qxb7 $18 Rad8 20. Bg5 $1 (20. Qxa7 f5 $17) 20... Qxa1 21. Bxd8 Rxd8 22. Qc7) 19... Qd1 $2 {[%emt 0:00:27] [#]} (19... Qxc3 $16 {was called for.} 20. bxc3 Rac8) 20. b3 $1 $18 (20. dxc5 Rfe8 $14) 20... cxd4 {[%emt 0:25:00] [#]} 21. Ba3 $1 dxc3 22. Rxd1 Nb6 23. Bxf8 Kxf8 {[%emt 0:00:01][%mdl 4096] Endgame KRR-KRN} 24. Re3 Rc8 25. Rc1 c2 26. Rd3 Rc5 27. Rd2 Rxe5 28. Rcxc2 ({But not} 28. Rdxc2 g6 29. Rd2 Nd5 $18) 28... Nd5 29. Rc8+ Ke7 30. Rb8 b6 31. Rb7+ Kf6 (31... Ke6 $142 32. Rxa7 h5) 32. e4 {[%emt 0:00:39] White is clearly winning.} Ne7 33. Rd6+ Kg5 34. Kf3 f5 35. h4+ Kh5 36. exf5 Rxf5+ 37. Ke4 Rf1 38. Rdd7 {[%emt 0:01:08] Weighted Error Value: White=0.20 (precise) /Black=0.50} ({Weaker is} 38. g4+ Kxg4 39. Rd2 (39. Rxa7 Re1+ 40. Kd3 Rd1+ 41. Kc4 Rxd6 $11) 39... Re1+ 40. Kd3 h5 41. Rg2+ Kxh4 $18) 1-0

[Event "26th Womens ECCC 2022"]
[Site "Mayrhofen"]
[Date "2022.10.07"]
[Round "5.15"]
[White "Orian, Noga"]
[Black "Mammadova, Gulnar"]
[Result "0-1"]
[ECO "A41"]
[WhiteElo "1940"]
[BlackElo "2389"]
[Annotator "TA"]
[PlyCount "84"]
[EventDate "2022.10.03"]
[EventType "team-tourn"]
[EventCountry "AUT"]
[SourceTitle "playchess.com"]
[Source "ChessBase"]
[SourceQuality "1"]
[TimeControl "40/5400+30:1800+30"]

1. d4 g6 2. c4 Bg7 3. Nc3 d6 4. h4 e5 5. d5 h5 6. e4 {[%emt 0:00:42] A41: 1 d4 d6: Tartakower System and Modern Defence.} a5 7. Be2 Na6 8. Be3 {[%emt 0:04:01] [#] White has an edge.} Bd7 $146 ({Predecessor:} 8... Bh6 9. Qd2 Bxe3 10. Qxe3 Nf6 11. O-O-O Nc5 12. f3 a4 13. Nh3 Bxh3 14. Rxh3 Qd7 {0-1 (57) Ivlev,A (2315)-Vakhidov,S (2312) Chess.com INT 2020}) 9. Qd2 Bh6 10. Nf3 Nc5 11. O-O-O Qe7 12. Ng5 f6 13. Nh3 Bxe3 14. Qxe3 Nh6 15. f3 f5 16. Ng5 O-O-O 17. Rdf1 Rdf8 18. Nd1 b6 19. Nf2 Nf7 20. Nxf7 Rxf7 21. Nd3 Nxd3+ 22. Bxd3 Rhf8 23. b3 fxe4 {[%emt 0:04:39] Black converts the advantage convincingly.} 24. Bxe4 Bf5 25. g3 (25. Re1 $17) 25... Bxe4 $19 26. Qxe4 g5 {[%emt 0:00:16][%cal Og5g4] Prevents f4.} 27. Qe2 (27. Rh2 $17) 27... gxh4 28. Rxh4 Qg5+ 29. Kb2 Qxg3 30. Qh2 Qxh2+ 31. Rxh2 Rxf3 32. Rxf3 Rxf3 33. Rxh5 {[%emt 0:00:15][%mdl 4096] Endgame KR-KR} Rf2+ 34. Kb1 $2 {[%emt 0:00:45] [#]} (34. Ka3 {keeps fighting.}) 34... a4 $1 {[%emt 0:03:07] Black is clearly winning.} 35. Rh8+ Kb7 36. bxa4 Rf4 37. a5 Rxc4 38. axb6 Kxb6 39. Rh2 Kc5 {[%emt 0:03:09] [#] ...e4 is the strong threat.} 40. Rd2 e4 {[%emt 0:00:25][%cal Be5e4,Be4e3][%mdl 32] Hoping for ...e3.} 41. Kb2 e3 42. Re2 Kd4 {[%emt 0:01:23] Weighted Error Value: White=0.67/Black=0.02 (flawless)} 0-1